 Dungeon Crawl Stone Soup version 0.29.1-1-gd02db6906a (webtiles) character file.

Game seed: 5668347021918517426

16 Icepheonix32 the Insei (level 2, -1/21 HPs)
             Began as a Merfolk Transmuter on Oct 6, 2022.
             Frozen to death by an endoplasm (2 damage)
             ... on level 1 of the Dungeon.
             The game lasted 00:00:37 (561 turns).

Icepheonix32 the Insei (Merfolk Transmuter)          Turns: 561, Time: 00:00:38

Health: -1/21      AC:  2    Str: 10    XL:     2   Next: 54%
Magic:  3/5        EV: 12    Int: 12    God:
Gold:   8          SH:  0    Dex: 14    Spells: 4/5 levels left

rFire   . . .      SeeInvis .     - Unarmed
rCold   . . .      Faith    .   (no shield)
rNeg    . . .      Spirit   .   a - +0 robe
rPois   .          Reflect  .   (helmet currently unavailable)
rElec   .          Harm     .   (no cloak)
rCorr   .          Rampage  .   (no gloves)
Will    .....                   (boots currently unavailable)
Stlth   +.........              (no amulet)
HPRegen 0.07/turn               (no ring)
MPRegen 0.09/turn               (no ring)

@: appendages
A: horns 2, (nimble swimmer 2), mertail
a: End Transformation


You were on level 1 of the Dungeon.
You had temporarily grown beastly horns.
You visited 1 branch of the dungeon, and saw 1 of its levels.

You collected 8 gold pieces.

Inventory:

Armour
 a - a +0 robe (worn)
Scrolls
 c - a scroll of identify {unknown}
 d - a scroll of butterflies {unknown}
 e - a scroll of magic mapping {unknown}
Potions
 b - a potion of lignification


   Skills:
 + Level 1.1 Fighting
 + Level 2.8 Dodging
 + Level 3.7 Unarmed Combat
 + Level 2.1 Spellcasting
 * Level 3.2 Transmutations


You had 4 spell levels left.
You knew the following spells:

 Your Spells              Type           Power      Damage    Failure   Level
a - Beastly Appendage     Tmut           18%        N/A       7%          1

Your spell library contained the following spells:

 Spells                   Type           Power      Damage    Failure   Level
 Wereblood                Tmut           9%         N/A       11%         2
 Summon Small Mammal      Summ           4%         N/A       26%         1
 Blink                    Tloc           2%         N/A       38%         2
 Spider Form              Tmut/Pois      5%         N/A       38%         3
 Call Canine Familiar     Summ           1%         N/A       63%         3
 Summon Guardian Golem    Hex/Summ       1%         N/A       63%         3
 Ice Form                 Ice/Tmut       5%         N/A       80%         4
 Manifold Assault         Tloc           1%         N/A       100%        5
 Storm Form               Tmut/Air       2%         N/A       100%        7


Dungeon Overview and Level Annotations

Branches:
Dungeon (1/15)

Altars:


Innate Abilities, Weirdness & Mutations

You have temporarily grown beastly horns.
((You are very nimble when in or above water. (Stealth+, EV+, Speed+++)))
Your lower body shifts to a powerful aquatic tail in water.


Message History

The endoplasm is almost dead.
The endoplasm hits you.
The frilled lizard bites you but does no damage.
You are too injured to fight recklessly!
You are too injured to fight recklessly!
You are too injured to fight recklessly!
You are too injured to fight recklessly!
Unknown command.
The endoplasm freezes you.
You are frozen.
The frilled lizard attacks as you move away!
The frilled lizard barely misses you.
Casting: Beastly Appendage (safe; 7% risk of failure)
Confirm with . or Enter, or press ? or * to list all spells.
You grow a pair of large bovine horns.
The frilled lizard bites you but does no damage.
The endoplasm freezes you.
You are frozen.
* * * LOW HITPOINT WARNING * * *
The endoplasm attacks as you move away! The endoplasm closely misses you.
You barely miss the quokka. You punch the quokka, but do no damage.
The quokka twitches its whiskers.
The quokka bites you.
* * * LOW HITPOINT WARNING * * *
Your magical contamination has completely faded away.
Unknown command.
You hit the quokka.
You kill the quokka!
The frilled lizard bites you.
* * * LOW HITPOINT WARNING * * *
The endoplasm jiggles.
The endoplasm freezes you.
You are frozen.
* * * LOW HITPOINT WARNING * * *
You completely miss the endoplasm. Your headbutt misses the endoplasm.
The endoplasm is severely wounded.
The frilled lizard closely misses you. The endoplasm freezes you.
You are frozen.
You die...

#.......#.....#.......##....##
######..#.....#.............#####
..>###...........##.........
.....##.............#+#......
..)..#$............#+#......
#.....#######.......######
#.....$.#####.......##....
#.#.....l...#..........(##
#.#......@..#.......##..# #
#...).J........#......#
#...#+##.......#.####... #...#
#.......#.. #... ......
..#####.#... .... ...... .# #.
.... #...$.. .+ ..# #...... .+


You could see an endoplasm and a frilled lizard.

Vanquished Creatures
  A bat (D:1)
  3 endoplasms (D:1)
  A hobgoblin (D:1)
  A quokka (D:1)
  A ball python (D:1)
  A frilled lizard (D:1)
  2 goblins (D:1)
  2 kobolds (D:1)
  3 rats (D:1)
15 creatures vanquished.

Notes
Turn   | Place    | Note
-------+----------+-------------------------------------------
     0 | D:1      | Icepheonix32 the Merfolk Transmuter began the quest for the
                  | Orb.
     0 | D:1      | Reached XP level 1. HP: 15/15 MP: 3/3
   153 | D:1      | Found a faded altar of an unknown god.
   237 | D:1      | Reached XP level 2. HP: 21/21 MP: 3/5
   560 | D:1      | HP: 1/21 [frozen (1)]
   561 | D:1      | Frozen to death by an endoplasm

Illustrated notes

Levels and vault maps discovered:
D:1:      giann_bridges, layout_basic, nicolae_ecumenical_lake_church

Skill      XL: |  1 |
---------------+----+-----
Transmutations | 3 |  3.2
Fighting       | |  1.1
Dodging        | |  2.8
Unarmed Combat | |  3.7
Spellcasting   | |  2.1

Action                   || total
-------------------------++-------
Melee: Unarmed           ||    31
       Tailslap          ||     1
       Headbutt          ||     3
       Punch             ||     2
 Cast: Beastly Appendage ||     9
Armor: Robe              ||     7
Dodge: Dodged            ||    21
